[ AOE2 MATCH · #481251544 ]
UnrankedBulgarians vs Cumans
[ REPLAY ANALYSIS · EXTRACTED FROM THE RECORDED GAME ]
Feudal
14:05
Castle
21:54
Imperial
—
| APM avg | 18.7 |
| APM peak | 33 |
| eAPM avg | 11.3 |
| Villagers / military | 55 / 35 |
Focus
⚔️ 17.4% · 🌾 82.6%
Konnik ×12 · Spearman ×12 · Mangonel ×4 · Militia ×3 · Scout Cavalry ×3 · Battering Ram ×1
Feudal
8:58
Castle
22:32
Imperial
—
| APM avg | 30.4 |
| APM peak | 88 |
| eAPM avg | 19.1 |
| Villagers / military | 180 / 29 |
Focus
⚔️ 18.1% · 🌾 81.9%
Knight ×26 · Monk ×2 · Spearman ×1
Feudal
11:32
Castle
16:21
Imperial
32:04
| APM avg | 44.5 |
| APM peak | 80 |
| eAPM avg | 14.9 |
| Villagers / military | 110 / 15 |
Focus
⚔️ 12.5% · 🌾 87.5%
Hand Cannoneer ×14 · Monk ×1
Feudal
13:11
Castle
18:46
Imperial
—
| APM avg | 15.8 |
| APM peak | 81 |
| eAPM avg | 6.9 |
| Villagers / military | 74 / 26 |
Focus
⚔️ 22.1% · 🌾 77.9%
Knight ×22 · Coustillier ×4
Feudal
11:50
Castle
15:59
Imperial
32:02
| APM avg | 21.5 |
| APM peak | 59 |
| eAPM avg | 9.2 |
| Villagers / military | 131 / 39 |
Focus
⚔️ 18.9% · 🌾 81.1%
War Elephant ×26 · Knight ×13
Feudal
10:35
Castle
17:20
Imperial
—
| APM avg | 25.7 |
| APM peak | 89 |
| eAPM avg | 10.5 |
| Villagers / military | 73 / 17 |
Focus
⚔️ 17.6% · 🌾 82.4%
Skirmisher ×11 · Camel Scout ×4 · Spearman ×2
Feudal
9:42
Castle
22:41
Imperial
36:22
| APM avg | 63.2 |
| APM peak | 96 |
| eAPM avg | 25.5 |
| Villagers / military | 108 / 60 |
Focus
⚔️ 36.3% · 🌾 63.7%
Archer ×53 · Spearman ×3 · Monk ×2 · Skirmisher ×2
Feudal
11:38
Castle
19:04
Imperial
32:46
| APM avg | 30.1 |
| APM peak | 61 |
| eAPM avg | 13.0 |
| Villagers / military | 136 / 8 |
Focus
⚔️ 13.0% · 🌾 87.0%
Knight ×4 · Mangonel ×2 · Battering Ram ×2
Match map
Initial resources + every placement click. Lines = walls · curves = elevation contours. ◆ gold · ⬟ stone · ● berries · ✦ relic · ◌ wall gap
Your base· Open — unwalled flank
Yuyu11 | Elite Krawallkohl's base· Open — unwalled flank
帝国大仲马's base· Open — unwalled flank
DEJ [Short Term Bearish]'s base· Open — unwalled flank
柑柑貝爾ü's base· Open — unwalled flank
CamelotCosmonaut's base· Open — unwalled flank
CCM | Muflon de Elite's base· Open — unwalled flank
龙城飞将军's base· Open — unwalled flank
Smoothed initial terrain · ◌ = detected wall gap · hover for details
Inputs per minute
— 大清第一巴图鲁 - - Yuyu11 | Elite Krawallkohl
Build order — 大清第一巴图鲁
First 150 of 165 actions detected
| 0:05 | Create | Villager (Male) |
| 0:05 | Create | Villager (Male) |
| 0:05 | Create | Villager (Male) |
| 0:05 | Create | Villager (Male) |
| 0:06 | Create | Villager (Male) |
| 0:06 | Create | Villager (Male) |
| 0:10 | Build | House |
| 0:13 | Build | House |
| 1:38 | Create | Villager (Male) |
| 2:03 | Create | Villager (Male) |
| 2:20 | Build | Lumber Camp |
| 2:30 | Create | Villager (Male) |
| 2:51 | Create | Villager (Male) |
| 3:15 | Build | House |
| 3:16 | Build | House |
| 3:26 | Create | Villager (Male) |
| 3:58 | Create | Villager (Male) |
| 4:54 | Build | Palisade Wall |
| 5:04 | Create | Villager (Male) |
| 5:04 | Create | Villager (Male) |
| 5:38 | Build | Palisade Wall |
| 5:50 | Create | Villager (Male) |
| 6:34 | Create | Villager (Male) |
| 6:34 | Create | Villager (Male) |
| 8:06 | Create | Villager (Male) |
| 8:07 | Create | Villager (Male) |
| 8:11 | Build | Mill |
| 8:44 | Build | Palisade Wall |
| 8:58 | Create | Villager (Male) |
| 9:03 | Create | Villager (Male) |
| 9:28 | Build | Mill |
| 9:41 | Build | Mining Camp |
| 9:43 | Create | Villager (Male) |
| 9:43 | Create | Villager (Male) |
| 10:21 | Build | Palisade Wall |
| 10:27 | Build | Palisade Wall |
| 10:51 | Build | House |
| 10:51 | Build | House |
| 10:59 | Research | Loom |
| 11:55 | Research | Feudal Age |
| 13:35 | Build | House |
| 13:50 | Build | Barracks |
| 14:05 | Age | Feudal Age |
| 14:29 | Create | Villager (Male) |
| 14:30 | Create | Villager (Male) |
| 14:38 | Build | Farm |
| 14:39 | Build | Farm |
| 15:04 | Build | Stable |
| 15:23 | Build | Palisade Wall |
| 15:44 | Create | Militia |
| 15:44 | Create | Militia |
| 16:01 | Build | Farm |
| 16:04 | Create | Scout Cavalry |
| 16:04 | Create | Scout Cavalry |
| 16:27 | Create | Scout Cavalry |
| 16:36 | Create | Villager (Male) |
| 16:36 | Create | Villager (Male) |
| 17:11 | Create | Militia |
| 18:06 | Build | Farm |
| 18:08 | Create | Villager (Male) |
| 18:08 | Create | Villager (Male) |
| 18:16 | Build | Blacksmith |
| 18:44 | Build | Farm |
| 18:45 | Build | Farm |
| 19:14 | Research | Castle Age |
| 19:23 | Build | Mining Camp |
| 19:32 | Research | Double-Bit Axe |
| 20:04 | Research | Stone Mining |
| 21:10 | Build | Palisade Gate |
| 21:54 | Age | Castle Age |
| 21:59 | Build | Town Center |
| 22:06 | Create | Villager (Male) |
| 22:06 | Create | Villager (Male) |
| 22:06 | Create | Villager (Male) |
| 22:06 | Create | Villager (Male) |
| 22:08 | Create | Villager (Male) |
| 22:31 | Build | Krepost |
| 22:42 | Build | Siege Workshop |
| 23:10 | Create | Mangonel |
| 23:42 | Create | Villager (Male) |
| 23:42 | Create | Villager (Male) |
| 23:43 | Create | Villager (Male) |
| 24:05 | Create | Villager (Male) |
| 24:23 | Build | Mining Camp |
| 24:26 | Create | Konnik |
| 24:30 | Create | Konnik |
| 24:37 | Build | Farm |
| 24:38 | Build | Farm |
| 24:39 | Build | Farm |
| 24:40 | Build | Farm |
| 24:46 | Create | Villager (Male) |
| 25:11 | Create | Villager (Male) |
| 25:16 | Build | Farm |
| 25:16 | Build | Farm |
| 25:41 | Create | Konnik |
| 26:11 | Create | Mangonel |
| 26:21 | Build | Barracks |
| 26:27 | Create | Spearman |
| 26:28 | Create | Spearman |
| 26:29 | Create | Spearman |
| 26:51 | Create | Konnik |
| 27:02 | Create | Villager (Male) |
| 27:09 | Create | Villager (Male) |
| 28:20 | Create | Spearman |
| 28:20 | Create | Spearman |
| 28:20 | Create | Spearman |
| 28:36 | Research | Pikeman (upgrade) |
| 28:45 | Build | Farm |
| 28:46 | Build | Farm |
| 28:47 | Build | Farm |
| 28:49 | Build | Farm |
| 28:50 | Build | Farm |
| 28:51 | Build | Farm |
| 28:58 | Create | Villager (Male) |
| 29:08 | Create | Villager (Male) |
| 29:26 | Create | Villager (Male) |
| 29:49 | Create | Spearman |
| 29:49 | Create | Spearman |
| 30:02 | Create | Konnik |
| 30:07 | Create | Mangonel |
| 30:13 | Create | Battering Ram |
| 30:16 | Create | Spearman |
| 30:36 | Create | Konnik |
| 30:51 | Build | House |
| 30:52 | Build | House |
| 30:53 | Build | House |
| 30:54 | Build | House |
| 30:56 | Build | House |
| 30:58 | Build | House |
| 31:02 | Create | Villager (Male) |
| 31:03 | Create | Villager (Male) |
| 31:03 | Create | Villager (Male) |
| 31:18 | Create | Konnik |
| 31:55 | Create | Spearman |
| 31:55 | Create | Spearman |
| 31:55 | Create | Spearman |
| 32:02 | Create | Konnik |
| 32:43 | Research | Gold Mining |
| 33:00 | Build | Farm |
| 33:01 | Build | Farm |
| 33:03 | Build | Farm |
| 33:04 | Build | Farm |
| 33:05 | Build | Farm |
| 33:07 | Build | Farm |
| 33:08 | Build | Farm |
| 33:12 | Build | Farm |
| 33:14 | Create | Villager (Male) |
| 33:14 | Create | Villager (Male) |
| 33:18 | Create | Villager (Male) |
| 33:18 | Create | Villager (Male) |
Build order — Yuyu11 | Elite Krawallkohl
First 150 of 348 actions detected
| 0:01 | Create | Villager (Male) |
| 0:01 | Create | Villager (Male) |
| 0:01 | Create | Villager (Male) |
| 0:02 | Create | Villager (Male) |
| 0:03 | Build | House |
| 0:05 | Build | House |
| 1:31 | Create | Villager (Male) |
| 1:31 | Create | Villager (Male) |
| 1:54 | Create | Villager (Male) |
| 2:16 | Create | Villager (Male) |
| 2:16 | Create | Villager (Male) |
| 2:22 | Build | Lumber Camp |
| 2:46 | Create | Villager (Male) |
| 3:13 | Create | Villager (Male) |
| 3:13 | Create | Villager (Male) |
| 3:36 | Create | Villager (Male) |
| 3:36 | Create | Villager (Male) |
| 4:13 | Create | Villager (Male) |
| 4:14 | Create | Villager (Male) |
| 4:18 | Build | House |
| 4:29 | Build | House |
| 4:32 | Create | Villager (Male) |
| 4:33 | Create | Villager (Male) |
| 5:15 | Create | Villager (Male) |
| 5:15 | Create | Villager (Male) |
| 5:39 | Create | Villager (Male) |
| 5:40 | Create | Villager (Male) |
| 6:00 | Build | Mill |
| 6:48 | Research | Feudal Age |
| 7:20 | Create | Villager (Male) |
| 8:03 | Create | Villager (Male) |
| 8:58 | Age | Feudal Age |
| 9:11 | Create | Villager (Male) |
| 9:11 | Create | Villager (Male) |
| 10:15 | Build | Town Center |
| 10:51 | Create | Villager (Male) |
| 10:52 | Create | Villager (Male) |
| 10:52 | Create | Villager (Male) |
| 11:15 | Create | Villager (Male) |
| 11:20 | Build | House |
| 11:27 | Build | House |
| 11:29 | Build | House |
| 11:35 | Create | Villager (Male) |
| 11:35 | Create | Villager (Male) |
| 11:36 | Create | Villager (Male) |
| 11:36 | Create | Villager (Male) |
| 11:39 | Build | Farm |
| 11:39 | Build | Farm |
| 11:40 | Build | Farm |
| 11:40 | Build | Farm |
| 11:40 | Build | Farm |
| 11:41 | Build | Farm |
| 11:59 | Create | Villager (Male) |
| 11:59 | Create | Villager (Male) |
| 12:00 | Create | Villager (Male) |
| 12:03 | Build | Farm |
| 12:08 | Create | Villager (Male) |
| 12:09 | Create | Villager (Male) |
| 12:19 | Research | Double-Bit Axe |
| 12:31 | Create | Villager (Male) |
| 12:34 | Research | Horse Collar |
| 12:36 | Create | Villager (Male) |
| 12:36 | Create | Villager (Male) |
| 12:36 | Create | Villager (Male) |
| 12:41 | Create | Villager (Male) |
| 12:41 | Create | Villager (Male) |
| 13:02 | Create | Villager (Male) |
| 13:02 | Create | Villager (Male) |
| 13:15 | Build | Farm |
| 13:15 | Build | Farm |
| 13:15 | Build | Farm |
| 13:18 | Build | Farm |
| 13:18 | Build | Farm |
| 13:19 | Build | Farm |
| 13:19 | Build | Farm |
| 13:19 | Build | Farm |
| 13:19 | Build | Farm |
| 13:21 | Create | Villager (Male) |
| 13:28 | Create | Villager (Male) |
| 13:29 | Create | Villager (Male) |
| 13:33 | Build | Farm |
| 13:39 | Create | Villager (Male) |
| 13:41 | Create | Villager (Male) |
| 13:41 | Create | Villager (Male) |
| 13:47 | Build | Farm |
| 13:47 | Build | Farm |
| 13:58 | Build | Farm |
| 14:05 | Create | Villager (Male) |
| 14:06 | Create | Villager (Male) |
| 14:10 | Build | Farm |
| 14:11 | Create | Villager (Male) |
| 14:11 | Create | Villager (Male) |
| 14:22 | Build | Farm |
| 14:22 | Build | Farm |
| 14:23 | Build | Farm |
| 14:23 | Build | Farm |
| 14:23 | Build | Farm |
| 14:24 | Build | Farm |
| 14:34 | Create | Villager (Male) |
| 14:38 | Build | Farm |
| 14:42 | Build | Farm |
| 15:00 | Build | Farm |
| 15:01 | Create | Villager (Male) |
| 15:01 | Create | Villager (Male) |
| 15:12 | Create | Villager (Male) |
| 15:12 | Create | Villager (Male) |
| 15:18 | Create | Villager (Male) |
| 15:26 | Build | Farm |
| 15:28 | Create | Villager (Male) |
| 15:29 | Create | Villager (Male) |
| 15:45 | Create | Villager (Male) |
| 15:45 | Create | Villager (Male) |
| 15:46 | Create | Villager (Male) |
| 15:49 | Build | Farm |
| 15:49 | Build | Farm |
| 15:50 | Build | Farm |
| 15:50 | Build | Farm |
| 16:03 | Create | Villager (Male) |
| 16:03 | Create | Villager (Male) |
| 16:07 | Build | Farm |
| 16:07 | Build | Farm |
| 16:07 | Build | Farm |
| 16:08 | Build | Farm |
| 16:14 | Create | Villager (Male) |
| 16:21 | Build | Farm |
| 16:21 | Build | Farm |
| 16:22 | Build | Farm |
| 16:22 | Build | Farm |
| 16:24 | Create | Villager (Male) |
| 16:24 | Create | Villager (Male) |
| 16:29 | Create | Villager (Male) |
| 16:29 | Create | Villager (Male) |
| 16:36 | Build | House |
| 16:37 | Build | House |
| 16:40 | Create | Villager (Male) |
| 16:56 | Create | Villager (Male) |
| 16:56 | Create | Villager (Male) |
| 17:06 | Create | Villager (Male) |
| 17:06 | Create | Villager (Male) |
| 17:19 | Build | Mining Camp |
| 17:20 | Create | Villager (Male) |
| 17:20 | Create | Villager (Male) |
| 17:20 | Create | Villager (Male) |
| 17:31 | Build | Blacksmith |
| 17:34 | Create | Villager (Male) |
| 17:34 | Create | Villager (Male) |
| 17:35 | Create | Villager (Male) |
| 17:39 | Create | Villager (Male) |
| 17:39 | Create | Villager (Male) |
| 17:49 | Create | Villager (Male) |
Build order — 帝国大仲马
First 150 of 238 actions detected
| 0:02 | Create | Villager (Male) |
| 0:02 | Create | Villager (Male) |
| 0:03 | Create | Villager (Male) |
| 0:03 | Create | Villager (Male) |
| 0:05 | Build | House |
| 0:06 | Build | House |
| 1:36 | Create | Villager (Male) |
| 1:36 | Create | Villager (Male) |
| 2:04 | Create | Villager (Male) |
| 2:04 | Create | Villager (Male) |
| 2:16 | Build | Lumber Camp |
| 2:24 | Create | Villager (Male) |
| 2:24 | Create | Villager (Male) |
| 2:55 | Create | Villager (Male) |
| 2:56 | Create | Villager (Male) |
| 3:18 | Create | Villager (Male) |
| 3:51 | Create | Villager (Male) |
| 3:52 | Create | Villager (Male) |
| 4:14 | Research | Loom |
| 4:19 | Build | House |
| 4:21 | Build | House |
| 4:42 | Create | Villager (Male) |
| 4:43 | Create | Villager (Male) |
| 4:52 | Build | House |
| 5:11 | Build | Mill |
| 5:37 | Create | Villager (Male) |
| 5:37 | Create | Villager (Male) |
| 5:45 | Create | Villager (Male) |
| 5:45 | Create | Villager (Male) |
| 6:08 | Create | Villager (Male) |
| 6:09 | Create | Villager (Male) |
| 6:09 | Create | Villager (Male) |
| 6:25 | Create | Villager (Male) |
| 6:26 | Create | Villager (Male) |
| 7:00 | Build | Mining Camp |
| 7:01 | Create | Villager (Male) |
| 7:01 | Create | Villager (Male) |
| 7:53 | Create | Villager (Male) |
| 7:53 | Create | Villager (Male) |
| 7:54 | Create | Villager (Male) |
| 8:26 | Create | Villager (Male) |
| 8:27 | Create | Villager (Male) |
| 9:00 | Research | Feudal Age |
| 9:25 | Create | Villager (Male) |
| 9:52 | Create | Villager (Male) |
| 10:19 | Build | Farm |
| 10:33 | Create | Villager (Male) |
| 10:55 | Build | Farm |
| 10:55 | Build | Farm |
| 11:32 | Age | Feudal Age |
| 11:36 | Build | Mill |
| 12:04 | Build | Farm |
| 12:06 | Create | Villager (Male) |
| 12:14 | Build | House |
| 12:30 | Create | Villager (Male) |
| 12:42 | Build | Blacksmith |
| 12:52 | Build | Market |
| 12:56 | Build | Farm |
| 13:10 | Create | Villager (Male) |
| 13:41 | Research | Castle Age |
| 14:07 | Research | Double-Bit Axe |
| 14:12 | Research | Horse Collar |
| 16:01 | Create | Villager (Male) |
| 16:21 | Age | Castle Age |
| 16:25 | Build | Town Center |
| 16:35 | Build | Town Center |
| 16:40 | Create | Villager (Male) |
| 16:52 | Build | University |
| 17:01 | Build | House |
| 17:04 | Build | House |
| 17:13 | Build | Barracks |
| 17:20 | Create | Villager (Male) |
| 17:20 | Create | Villager (Male) |
| 17:21 | Create | Villager (Male) |
| 17:25 | Build | Farm |
| 17:26 | Build | Farm |
| 17:40 | Build | Farm |
| 17:52 | Research | Wheelbarrow |
| 17:54 | Create | Villager (Male) |
| 17:58 | Research | Chemistry |
| 18:28 | Build | Archery Range |
| 18:34 | Build | House |
| 18:36 | Create | Villager (Male) |
| 18:37 | Create | Villager (Male) |
| 18:40 | Create | Villager (Male) |
| 18:54 | Build | Farm |
| 19:02 | Create | Villager (Male) |
| 19:03 | Create | Villager (Male) |
| 19:03 | Create | Villager (Male) |
| 19:26 | Research | Town Watch |
| 19:26 | Create | Villager (Male) |
| 19:27 | Create | Villager (Male) |
| 19:31 | Build | Farm |
| 19:45 | Build | Farm |
| 19:49 | Build | Farm |
| 19:53 | Build | Farm |
| 19:54 | Create | Villager (Male) |
| 19:54 | Create | Villager (Male) |
| 20:00 | Build | Farm |
| 20:14 | Build | Monastery |
| 20:18 | Create | Villager (Male) |
| 20:19 | Create | Villager (Male) |
| 20:19 | Create | Villager (Male) |
| 20:32 | Build | Archery Range |
| 20:34 | Create | Villager (Male) |
| 20:34 | Create | Villager (Male) |
| 20:37 | Build | Farm |
| 20:42 | Create | Villager (Male) |
| 20:52 | Build | Farm |
| 20:53 | Create | Villager (Male) |
| 21:05 | Build | House |
| 21:06 | Build | House |
| 21:08 | Create | Hand Cannoneer |
| 21:20 | Build | Farm |
| 21:24 | Create | Villager (Male) |
| 21:24 | Create | Villager (Male) |
| 21:40 | Create | Villager (Male) |
| 21:40 | Create | Villager (Male) |
| 21:40 | Create | Villager (Male) |
| 21:51 | Create | Villager (Male) |
| 21:51 | Create | Villager (Male) |
| 22:19 | Create | Hand Cannoneer |
| 22:19 | Create | Hand Cannoneer |
| 22:23 | Build | House |
| 22:24 | Build | House |
| 22:25 | Build | House |
| 22:25 | Create | Villager (Male) |
| 22:26 | Create | Villager (Male) |
| 22:27 | Create | Hand Cannoneer |
| 22:33 | Build | Farm |
| 22:34 | Build | Farm |
| 22:38 | Research | Ballistics |
| 22:39 | Create | Villager (Male) |
| 22:50 | Build | Farm |
| 22:50 | Build | Farm |
| 22:51 | Build | Farm |
| 22:52 | Build | Farm |
| 22:54 | Create | Monk |
| 22:59 | Create | Villager (Male) |
| 23:00 | Create | Villager (Male) |
| 23:00 | Create | Villager (Male) |
| 23:03 | Build | Farm |
| 23:06 | Create | Hand Cannoneer |
| 23:13 | Build | House |
| 23:14 | Build | House |
| 23:18 | Create | Hand Cannoneer |
| 23:27 | Build | Farm |
| 23:30 | Build | Farm |
| 23:41 | Build | Farm |
| 23:44 | Research | Heavy Plow |
Build order — DEJ [Short Term Bearish]
120 actions detected in the replay
| 0:02 | Create | Villager (Male) ×4 |
| 0:02 | Create | Villager (Male) ×4 |
| 0:04 | Build | House |
| 0:07 | Build | House |
| 1:25 | Create | Villager (Male) |
| 2:06 | Create | Villager (Male) |
| 2:37 | Create | Villager (Male) |
| 3:07 | Create | Villager (Male) ×2 |
| 3:45 | Build | House |
| 3:51 | Create | Villager (Male) |
| 4:01 | Build | Mill |
| 4:06 | Build | House |
| 4:09 | Create | Villager (Male) ×2 |
| 4:54 | Create | Villager (Male) |
| 5:26 | Create | Villager (Male) |
| 5:26 | Create | Villager (Male) ×2 |
| 6:09 | Create | Villager (Male) ×4 |
| 6:22 | Build | Mill |
| 6:31 | Build | House |
| 6:33 | Build | House |
| 6:41 | Research | Loom |
| 8:22 | Create | Villager (Male) ×5 |
| 8:25 | Build | House |
| 9:26 | Create | Villager (Male) ×5 |
| 10:24 | Build | Lumber Camp |
| 10:59 | Research | Feudal Age |
| 11:14 | Research | Horse Collar |
| 12:11 | Build | Lumber Camp |
| 12:19 | Build | Mining Camp |
| 12:29 | Build | Lumber Camp |
| 12:38 | Create | Villager (Male) |
| 12:54 | Create | Villager (Male) |
| 13:11 | Age | Feudal Age |
| 13:20 | Build | Farm |
| 13:21 | Build | Farm |
| 13:22 | Build | Farm |
| 13:22 | Build | Farm |
| 13:24 | Build | Farm |
| 13:52 | Create | Villager (Male) ×5 |
| 13:57 | Build | Market |
| 14:04 | Build | Blacksmith |
| 14:17 | Build | Farm |
| 14:25 | Build | Farm |
| 14:41 | Build | Farm |
| 15:24 | Build | Farm |
| 15:26 | Build | Farm |
| 15:32 | Build | Farm |
| 15:53 | Build | Mining Camp |
| 16:00 | Research | Castle Age |
| 16:15 | Build | Farm |
| 16:37 | Research | Wheelbarrow |
| 17:48 | Build | Lumber Camp |
| 18:01 | Research | Heavy Plow |
| 18:05 | Research | Double-Bit Axe |
| 18:13 | Research | Gold Mining |
| 18:15 | Research | Stone Mining |
| 18:40 | Build | Barracks |
| 18:46 | Age | Castle Age |
| 19:38 | Build | Stable |
| 19:44 | Build | Stable |
| 19:49 | Create | Villager (Male) |
| 19:49 | Create | Villager (Male) |
| 19:53 | Research | Bow Saw |
| 20:34 | Research | Scale Barding Armor |
| 20:35 | Research | Forging |
| 20:46 | Create | Villager (Male) |
| 20:51 | Build | Stable |
| 21:24 | Research | Hand Cart |
| 21:31 | Build | House |
| 21:33 | Build | House |
| 22:07 | Research | Husbandry |
| 22:09 | Research | Cavalier (upgrade) |
| 22:28 | Create | Knight ×3 |
| 23:18 | Build | Farm |
| 23:23 | Build | Farm |
| 23:35 | Create | Villager (Male) ×5 |
| 23:45 | Create | Knight ×2 |
| 23:57 | Build | Castle |
| 25:30 | Create | Knight ×4 |
| 25:50 | Create | Villager (Male) ×5 |
| 26:03 | Create | Knight |
| 26:03 | Create | Knight |
| 26:22 | Create | Knight ×5 |
| 26:22 | Create | Knight |
| 26:22 | Create | Knight |
| 26:45 | Create | Knight ×2 |
| 26:46 | Create | Knight ×2 |
| 27:10 | Create | Coustillier ×3 |
| 27:45 | Build | Mill |
| 27:47 | Build | Farm |
| 27:47 | Build | Farm |
| 27:48 | Build | Farm |
| 27:48 | Build | Farm |
| 27:48 | Build | Farm |
| 27:49 | Build | Farm |
| 27:50 | Build | Farm |
| 27:51 | Build | Farm |
| 27:51 | Build | Farm |
| 27:52 | Build | Farm |
| 28:13 | Create | Coustillier |
| 28:29 | Build | Lumber Camp |
| 29:02 | Create | Villager (Male) ×5 |
| 29:10 | Build | Town Center |
| 29:25 | Build | Town Center |
| 29:37 | Build | Farm |
| 30:55 | Research | Chain Barding Armor |
| 30:55 | Research | Iron Casting |
| 32:24 | Create | Villager (Male) ×5 |
| 32:24 | Create | Villager (Male) ×5 |
| 32:25 | Create | Villager (Male) ×5 |
| 32:38 | Build | Mill |
| 32:39 | Build | Farm |
| 32:40 | Build | Farm |
| 32:40 | Build | Farm |
| 32:40 | Build | Farm |
| 32:41 | Build | Farm |
| 32:41 | Build | Farm |
| 32:42 | Build | Farm |
| 32:42 | Build | Farm |
| 32:42 | Build | Farm |
Build order — 柑柑貝爾ü
First 150 of 214 actions detected
| 0:02 | Build | House |
| 0:03 | Build | House |
| 0:04 | Create | Villager (Male) ×5 |
| 0:04 | Create | Villager (Male) ×5 |
| 1:34 | Create | Villager (Male) |
| 2:00 | Create | Villager (Male) |
| 2:00 | Create | Villager (Male) |
| 2:20 | Create | Villager (Male) |
| 2:20 | Create | Villager (Male) |
| 3:32 | Create | Villager (Male) ×4 |
| 3:32 | Create | Villager (Male) ×4 |
| 4:13 | Build | House |
| 4:27 | Create | Villager (Male) ×2 |
| 4:27 | Create | Villager (Male) ×2 |
| 4:30 | Build | Mill |
| 4:47 | Create | Villager (Male) |
| 6:03 | Create | Villager (Male) |
| 6:03 | Create | Villager (Male) |
| 6:08 | Build | House |
| 6:58 | Create | Villager (Male) |
| 6:59 | Create | Villager (Male) |
| 6:59 | Create | Villager (Male) |
| 7:54 | Create | Villager (Male) |
| 7:54 | Create | Villager (Male) |
| 7:55 | Create | Villager (Male) |
| 8:49 | Build | House |
| 8:52 | Build | Mining Camp |
| 9:33 | Build | Lumber Camp |
| 9:38 | Research | Feudal Age |
| 9:38 | Research | Feudal Age |
| 10:45 | Build | Mill |
| 11:24 | Build | Barracks |
| 11:50 | Age | Feudal Age |
| 12:03 | Create | Villager (Male) |
| 12:03 | Create | Villager (Male) |
| 12:03 | Create | Villager (Male) |
| 12:04 | Research | Loom |
| 12:15 | Build | Market |
| 12:17 | Build | Blacksmith |
| 12:58 | Build | Mining Camp |
| 13:22 | Build | House |
| 13:25 | Research | Castle Age |
| 13:29 | Research | Double-Bit Axe |
| 13:55 | Build | House |
| 14:15 | Build | Stable |
| 15:01 | Build | Stable |
| 15:22 | Build | House |
| 15:42 | Research | Bloodlines |
| 15:50 | Build | Farm |
| 15:50 | Build | Farm |
| 15:51 | Build | Farm |
| 15:59 | Age | Castle Age |
| 16:03 | Create | Knight |
| 16:03 | Create | Knight |
| 16:20 | Build | Farm |
| 16:31 | Build | Farm |
| 16:36 | Build | Farm |
| 16:40 | Create | Knight |
| 16:41 | Create | Knight |
| 16:49 | Build | Farm |
| 17:01 | Create | Knight |
| 17:02 | Create | Knight |
| 17:21 | Build | Farm |
| 17:23 | Create | Knight |
| 17:24 | Create | Knight |
| 17:53 | Create | Knight |
| 17:54 | Create | Knight |
| 18:05 | Create | Villager (Male) |
| 18:17 | Build | Farm |
| 18:18 | Build | Farm |
| 18:18 | Build | Farm |
| 18:18 | Build | Farm |
| 19:03 | Create | Villager (Male) |
| 19:03 | Create | Villager (Male) |
| 19:04 | Create | Villager (Male) |
| 19:05 | Create | Villager (Male) |
| 19:27 | Create | Knight |
| 19:44 | Create | Villager (Male) |
| 19:44 | Create | Villager (Male) |
| 20:14 | Create | Villager (Male) |
| 20:21 | Build | Town Center |
| 20:28 | Create | Knight |
| 20:28 | Create | Knight |
| 20:32 | Create | Villager (Male) |
| 20:32 | Create | Villager (Male) |
| 20:46 | Build | House |
| 20:47 | Build | House |
| 20:50 | Build | House |
| 20:54 | Create | Villager (Male) |
| 20:55 | Create | Villager (Male) |
| 21:32 | Create | Villager (Male) ×2 |
| 21:33 | Create | Villager (Male) ×2 |
| 22:57 | Create | Villager (Male) ×5 |
| 22:58 | Create | Villager (Male) ×5 |
| 23:50 | Build | Farm |
| 23:50 | Build | Farm |
| 23:56 | Build | Farm |
| 23:56 | Build | Farm |
| 23:56 | Build | Farm |
| 23:57 | Build | Farm |
| 23:59 | Build | Farm |
| 24:33 | Create | Villager (Male) |
| 24:34 | Create | Villager (Male) |
| 25:02 | Build | Castle |
| 25:10 | Create | Villager (Male) ×5 |
| 25:12 | Research | Wheelbarrow |
| 25:25 | Build | Farm |
| 25:25 | Build | Farm |
| 25:25 | Build | Farm |
| 25:25 | Build | Farm |
| 25:33 | Build | Farm |
| 25:36 | Create | Villager (Male) |
| 25:36 | Create | Villager (Male) |
| 25:44 | Build | House |
| 25:45 | Build | House |
| 25:48 | Build | House |
| 25:49 | Build | House |
| 26:14 | Build | Farm |
| 26:31 | Build | Town Center |
| 26:40 | Create | Villager (Male) |
| 26:40 | Create | Villager (Male) |
| 26:53 | Build | House |
| 26:54 | Build | House |
| 26:55 | Build | House |
| 27:15 | Create | Villager (Male) |
| 27:15 | Create | Villager (Male) |
| 27:39 | Create | Villager (Male) |
| 27:40 | Create | Villager (Male) |
| 27:40 | Create | Villager (Male) |
| 28:05 | Build | Farm |
| 28:06 | Build | Farm |
| 28:06 | Build | Farm |
| 28:06 | Build | Farm |
| 28:07 | Build | Farm |
| 28:18 | Build | Farm |
| 28:39 | Build | Mining Camp |
| 28:53 | Create | Villager (Male) ×5 |
| 29:07 | Research | Imperial Age |
| 29:20 | Create | Villager (Male) ×5 |
| 29:40 | Create | Villager (Male) ×4 |
| 29:54 | Build | Castle |
| 30:05 | Create | Villager (Male) ×5 |
| 30:17 | Build | Mill |
| 30:19 | Build | Farm |
| 30:19 | Build | Farm |
| 30:19 | Build | Farm |
| 30:19 | Build | Farm |
| 30:20 | Build | Farm |
| 30:20 | Build | Farm |
| 30:20 | Build | Farm |
Build order — CamelotCosmonaut
First 150 of 185 actions detected
| 0:01 | Create | Villager (Male) |
| 0:01 | Create | Villager (Male) |
| 0:02 | Create | Villager (Male) |
| 0:02 | Create | Villager (Male) |
| 0:03 | Build | House |
| 0:05 | Build | House |
| 1:13 | Create | Villager (Male) |
| 1:13 | Create | Villager (Male) |
| 1:33 | Create | Villager (Male) |
| 1:33 | Create | Villager (Male) |
| 1:53 | Build | Lumber Camp |
| 2:28 | Create | Villager (Male) |
| 2:53 | Create | Villager (Male) |
| 2:59 | Build | House |
| 3:08 | Create | Villager (Male) |
| 3:38 | Create | Villager (Male) |
| 3:47 | Create | Villager (Male) |
| 4:01 | Build | Mill |
| 4:08 | Create | Villager (Male) |
| 4:08 | Create | Villager (Male) |
| 4:42 | Create | Villager (Male) |
| 5:15 | Create | Villager (Male) |
| 5:42 | Build | House |
| 5:49 | Research | Loom |
| 6:19 | Create | Villager (Male) |
| 6:19 | Create | Villager (Male) |
| 6:57 | Build | Barracks |
| 6:58 | Create | Villager (Male) |
| 7:00 | Create | Villager (Male) |
| 7:09 | Create | Villager (Male) |
| 7:52 | Build | House |
| 8:25 | Research | Feudal Age |
| 8:44 | Create | Villager (Male) |
| 8:50 | Build | Mining Camp |
| 10:12 | Create | Villager (Male) |
| 10:21 | Build | Palisade Wall |
| 10:35 | Age | Feudal Age |
| 10:42 | Create | Villager (Male) |
| 11:17 | Create | Villager (Male) |
| 11:25 | Build | Stable |
| 12:27 | Build | Blacksmith |
| 12:35 | Create | Villager (Male) |
| 13:07 | Build | Palisade Wall |
| 13:27 | Build | Farm |
| 13:29 | Build | Farm |
| 13:31 | Build | Farm |
| 14:40 | Research | Castle Age |
| 14:50 | Build | Mill |
| 15:04 | Create | Spearman |
| 15:25 | Build | House |
| 15:28 | Create | Spearman |
| 15:36 | Build | House |
| 16:01 | Create | Villager (Male) |
| 16:22 | Create | Villager (Male) |
| 16:32 | Build | Stable |
| 17:05 | Create | Villager (Male) |
| 17:20 | Age | Castle Age |
| 17:40 | Build | Town Center |
| 17:55 | Build | Market |
| 18:01 | Build | Farm |
| 18:04 | Research | Double-Bit Axe |
| 18:13 | Create | Camel Scout |
| 18:13 | Create | Camel Scout |
| 18:13 | Create | Camel Scout |
| 18:13 | Create | Camel Scout |
| 18:17 | Build | Farm |
| 18:54 | Build | Stone Wall |
| 18:57 | Create | Villager (Male) |
| 18:59 | Create | Villager (Male) |
| 19:06 | Build | Mining Camp |
| 19:12 | Create | Villager (Male) |
| 19:36 | Create | Villager (Male) |
| 19:37 | Create | Villager (Male) |
| 19:51 | Build | Farm |
| 19:56 | Create | Villager (Male) |
| 20:05 | Create | Villager (Male) |
| 20:13 | Build | Farm |
| 20:26 | Build | Stone Wall |
| 20:31 | Create | Villager (Male) |
| 20:34 | Create | Villager (Male) |
| 20:34 | Create | Villager (Male) |
| 20:38 | Build | Farm |
| 20:46 | Build | House |
| 20:48 | Build | House |
| 20:49 | Build | House |
| 20:52 | Create | Villager (Male) |
| 21:15 | Create | Villager (Male) |
| 21:18 | Build | Farm |
| 21:21 | Build | Farm |
| 21:33 | Build | Gate |
| 21:35 | Create | Villager (Male) |
| 21:49 | Build | Stone Wall |
| 21:51 | Create | Villager (Male) |
| 21:56 | Create | Villager (Male) |
| 22:03 | Build | House |
| 22:12 | Create | Villager (Male) |
| 22:16 | Create | Villager (Male) |
| 22:35 | Build | Farm |
| 22:35 | Build | Farm |
| 22:36 | Build | Farm |
| 22:40 | Create | Villager (Male) |
| 22:55 | Create | Villager (Male) |
| 23:00 | Create | Villager (Male) |
| 23:06 | Build | Farm |
| 23:10 | Build | Farm |
| 23:12 | Create | Villager (Male) |
| 23:33 | Build | Gate |
| 23:40 | Build | Gate |
| 23:46 | Create | Villager (Male) |
| 23:46 | Create | Villager (Male) |
| 23:52 | Build | Farm |
| 23:55 | Build | Farm |
| 23:58 | Create | Villager (Male) |
| 24:15 | Create | Villager (Male) |
| 24:22 | Build | Archery Range |
| 24:24 | Create | Villager (Male) |
| 24:25 | Create | Villager (Male) |
| 24:37 | Create | Villager (Male) |
| 24:48 | Build | Archery Range |
| 25:03 | Create | Villager (Male) |
| 25:21 | Create | Villager (Male) |
| 25:21 | Create | Villager (Male) |
| 25:30 | Create | Skirmisher |
| 25:31 | Create | Skirmisher |
| 25:37 | Build | Blacksmith |
| 25:39 | Create | Villager (Male) |
| 25:52 | Create | Villager (Male) |
| 25:58 | Create | Skirmisher |
| 25:58 | Create | Skirmisher |
| 26:06 | Build | Siege Workshop |
| 26:08 | Create | Skirmisher |
| 26:08 | Create | Skirmisher |
| 26:08 | Create | Skirmisher |
| 26:08 | Create | Skirmisher |
| 26:12 | Create | Villager (Male) |
| 26:19 | Build | House |
| 26:19 | Build | House |
| 26:20 | Build | House |
| 26:20 | Build | House |
| 26:20 | Build | House |
| 26:20 | Build | House |
| 26:21 | Build | House |
| 26:29 | Research | Elite Skirmisher (upgrade) |
| 26:36 | Create | Villager (Male) |
| 26:57 | Research | Fletching |
| 27:12 | Create | Skirmisher |
| 27:12 | Create | Skirmisher |
| 27:13 | Create | Skirmisher |
| 28:01 | Build | Castle |
| 28:07 | Build | Lumber Camp |
Build order — CCM | Muflon de Elite
First 150 of 294 actions detected
| 0:01 | Create | Villager (Male) |
| 0:02 | Create | Villager (Male) |
| 0:02 | Create | Villager (Male) |
| 0:02 | Create | Villager (Male) |
| 0:03 | Build | House |
| 0:05 | Build | House |
| 1:32 | Create | Villager (Male) |
| 1:33 | Create | Villager (Male) |
| 1:51 | Create | Villager (Male) |
| 1:51 | Create | Villager (Male) |
| 2:22 | Create | Villager (Male) |
| 2:22 | Create | Villager (Male) |
| 2:55 | Create | Villager (Male) |
| 3:07 | Create | Villager (Male) |
| 3:28 | Build | House |
| 3:43 | Create | Villager (Male) |
| 4:02 | Create | Villager (Male) |
| 4:02 | Create | Villager (Male) |
| 4:05 | Build | House |
| 4:28 | Build | Lumber Camp |
| 4:31 | Create | Villager (Male) |
| 4:34 | Create | Villager (Male) |
| 4:42 | Build | Mill |
| 5:01 | Create | Villager (Male) |
| 5:01 | Create | Villager (Male) |
| 5:21 | Build | House |
| 5:37 | Create | Villager (Male) |
| 5:37 | Create | Villager (Male) |
| 6:15 | Create | Villager (Male) |
| 6:19 | Build | Palisade Wall |
| 6:30 | Create | Villager (Male) |
| 6:35 | Research | Loom |
| 7:17 | Create | Villager (Male) |
| 7:28 | Research | Feudal Age |
| 8:09 | Create | Villager (Male) |
| 8:12 | Build | House |
| 8:16 | Build | House |
| 8:48 | Build | Palisade Wall |
| 8:55 | Build | Palisade Gate |
| 8:59 | Build | Mining Camp |
| 9:41 | Build | Barracks |
| 9:42 | Age | Feudal Age |
| 9:45 | Create | Villager (Male) |
| 10:09 | Build | House |
| 10:21 | Create | Villager (Male) |
| 10:40 | Build | Archery Range |
| 10:57 | Create | Villager (Male) |
| 10:59 | Build | Mill |
| 11:11 | Build | House |
| 11:22 | Create | Villager (Male) |
| 11:31 | Research | Double-Bit Axe |
| 11:46 | Create | Villager (Male) |
| 11:47 | Research | Wheelbarrow |
| 11:51 | Create | Archer |
| 12:12 | Create | Spearman |
| 12:17 | Build | Farm |
| 12:19 | Create | Villager (Male) |
| 12:48 | Create | Villager (Male) |
| 13:27 | Create | Archer |
| 13:38 | Build | Farm |
| 13:49 | Build | Market |
| 13:55 | Build | Blacksmith |
| 13:56 | Create | Villager (Male) |
| 14:20 | Create | Villager (Male) |
| 14:22 | Build | House |
| 14:24 | Build | Farm |
| 14:26 | Create | Villager (Male) |
| 14:28 | Build | Farm |
| 14:31 | Build | Farm |
| 14:45 | Create | Archer |
| 14:53 | Create | Villager (Male) |
| 14:57 | Build | Farm |
| 15:06 | Create | Archer |
| 15:07 | Create | Villager (Male) |
| 15:12 | Build | Farm |
| 15:26 | Create | Archer |
| 15:47 | Build | Farm |
| 15:48 | Build | Farm |
| 15:50 | Create | Villager (Male) |
| 16:10 | Build | Farm |
| 16:37 | Create | Villager (Male) |
| 16:39 | Build | Farm |
| 16:44 | Research | Fletching |
| 17:11 | Create | Villager (Male) |
| 17:13 | Build | Farm |
| 17:29 | Create | Villager (Male) |
| 17:31 | Build | Farm |
| 17:41 | Create | Archer |
| 17:51 | Create | Spearman |
| 17:56 | Build | Farm |
| 17:57 | Create | Villager (Male) |
| 18:02 | Build | House |
| 18:13 | Create | Spearman |
| 18:17 | Build | Farm |
| 18:19 | Create | Villager (Male) |
| 18:37 | Create | Villager (Male) |
| 18:57 | Build | Farm |
| 19:06 | Create | Archer |
| 19:06 | Create | Villager (Male) |
| 19:13 | Research | Castle Age |
| 19:16 | Build | House |
| 19:17 | Build | House |
| 19:18 | Build | House |
| 19:29 | Research | Padded Archer Armor |
| 19:49 | Create | Archer |
| 19:55 | Build | Mining Camp |
| 19:59 | Build | Archery Range |
| 20:37 | Build | House |
| 20:47 | Build | Farm |
| 20:48 | Research | Horse Collar |
| 20:52 | Create | Archer |
| 21:04 | Build | Farm |
| 21:11 | Create | Archer |
| 21:11 | Create | Archer |
| 21:20 | Build | House |
| 21:35 | Create | Archer |
| 21:35 | Create | Archer |
| 21:51 | Create | Archer |
| 21:52 | Create | Archer |
| 22:00 | Build | House |
| 22:24 | Build | House |
| 22:30 | Build | House |
| 22:31 | Build | House |
| 22:41 | Age | Castle Age |
| 22:53 | Build | Gate |
| 23:00 | Build | Gate |
| 23:03 | Research | Thumb Ring |
| 23:08 | Build | Town Center |
| 23:16 | Research | Crossbowman (upgrade) |
| 23:25 | Create | Villager (Male) |
| 23:29 | Research | Leather Archer Armor |
| 24:00 | Build | Town Center |
| 24:13 | Build | Stone Wall |
| 24:26 | Build | Stone Wall |
| 24:38 | Create | Villager (Male) |
| 24:38 | Create | Villager (Male) |
| 24:38 | Create | Villager (Male) |
| 24:55 | Create | Archer |
| 24:55 | Create | Archer |
| 25:03 | Create | Villager (Male) |
| 25:04 | Create | Villager (Male) |
| 25:18 | Research | Thumb Ring |
| 25:25 | Create | Villager (Male) |
| 25:26 | Create | Villager (Male) |
| 25:26 | Create | Villager (Male) |
| 25:45 | Research | Bodkin Arrow |
| 26:04 | Create | Villager (Male) |
| 26:09 | Build | Mining Camp |
| 26:13 | Build | Farm |
| 26:20 | Build | Archery Range |
Build order — 龙城飞将军
First 150 of 283 actions detected
| 0:17 | Create | Villager (Male) |
| 0:18 | Create | Villager (Male) |
| 0:18 | Create | Villager (Male) |
| 0:18 | Create | Villager (Male) |
| 0:20 | Build | House |
| 0:22 | Build | House |
| 1:17 | Research | Loom |
| 1:17 | Create | Villager (Male) |
| 1:42 | Create | Villager (Male) |
| 2:19 | Create | Villager (Male) |
| 2:19 | Create | Villager (Male) |
| 2:34 | Create | Villager (Male) |
| 2:35 | Create | Villager (Male) |
| 2:56 | Build | Lumber Camp |
| 3:31 | Create | Villager (Male) |
| 3:32 | Create | Villager (Male) |
| 3:32 | Create | Villager (Male) |
| 4:02 | Build | Palisade Wall |
| 4:15 | Create | Villager (Male) |
| 4:24 | Create | Villager (Male) |
| 4:35 | Build | House |
| 5:11 | Build | House |
| 5:30 | Create | Villager (Male) |
| 5:30 | Create | Villager (Male) |
| 5:30 | Create | Villager (Male) |
| 5:41 | Build | Palisade Wall |
| 6:15 | Build | Mill |
| 6:42 | Build | Palisade Wall |
| 6:54 | Create | Villager (Male) |
| 6:55 | Create | Villager (Male) |
| 7:33 | Create | Villager (Male) |
| 8:16 | Create | Villager (Male) |
| 8:20 | Create | Villager (Male) |
| 9:28 | Research | Feudal Age |
| 9:39 | Build | Mining Camp |
| 9:44 | Create | Villager (Male) |
| 9:44 | Create | Villager (Male) |
| 10:11 | Create | Villager (Male) |
| 10:31 | Build | House |
| 10:46 | Build | Mining Camp |
| 11:38 | Age | Feudal Age |
| 11:39 | Build | House |
| 11:51 | Build | Stone Wall |
| 11:59 | Build | Gate |
| 12:07 | Build | Stone Wall |
| 12:22 | Build | Blacksmith |
| 12:24 | Create | Villager (Male) |
| 12:24 | Create | Villager (Male) |
| 12:35 | Build | Farm |
| 12:51 | Create | Villager (Male) |
| 12:56 | Build | Farm |
| 13:11 | Build | Mill |
| 13:19 | Build | Market |
| 13:36 | Create | Villager (Male) |
| 13:49 | Build | Stone Wall |
| 14:16 | Create | Villager (Male) |
| 14:26 | Build | Farm |
| 14:35 | Build | Farm |
| 14:39 | Build | Farm |
| 15:10 | Build | Farm |
| 15:12 | Create | Villager (Male) |
| 15:32 | Build | House |
| 16:24 | Research | Castle Age |
| 16:38 | Build | Barracks |
| 16:56 | Build | Lumber Camp |
| 17:39 | Build | House |
| 17:40 | Build | House |
| 17:57 | Create | Villager (Male) |
| 17:57 | Create | Villager (Male) |
| 18:49 | Build | Outpost |
| 19:04 | Age | Castle Age |
| 19:10 | Build | Siege Workshop |
| 19:29 | Create | Villager (Male) |
| 19:37 | Build | Town Center |
| 20:00 | Create | Mangonel |
| 20:32 | Create | Villager (Male) |
| 20:32 | Create | Villager (Male) |
| 20:32 | Create | Villager (Male) |
| 20:32 | Create | Villager (Male) |
| 20:33 | Create | Villager (Male) |
| 20:34 | Create | Villager (Male) |
| 21:07 | Build | Town Center |
| 21:09 | Create | Villager (Male) |
| 21:10 | Create | Villager (Male) |
| 21:10 | Create | Villager (Male) |
| 21:10 | Create | Villager (Male) |
| 21:10 | Create | Villager (Male) |
| 21:11 | Create | Villager (Male) |
| 21:13 | Create | Villager (Male) |
| 21:31 | Build | Farm |
| 21:34 | Build | Farm |
| 21:57 | Build | Farm |
| 22:01 | Create | Villager (Male) |
| 22:14 | Create | Villager (Male) |
| 22:15 | Create | Villager (Male) |
| 22:18 | Create | Villager (Male) |
| 22:18 | Create | Villager (Male) |
| 22:18 | Create | Villager (Male) |
| 22:19 | Create | Villager (Male) |
| 22:19 | Create | Villager (Male) |
| 22:26 | Build | Farm |
| 22:46 | Build | University |
| 22:54 | Create | Villager (Male) |
| 22:55 | Create | Villager (Male) |
| 22:56 | Create | Villager (Male) |
| 22:57 | Create | Villager (Male) |
| 22:57 | Create | Villager (Male) |
| 23:04 | Create | Villager (Male) |
| 23:15 | Build | Farm |
| 23:18 | Build | Farm |
| 23:38 | Create | Villager (Male) |
| 23:39 | Create | Villager (Male) |
| 23:41 | Build | Farm |
| 24:13 | Create | Villager (Male) |
| 24:16 | Create | Villager (Male) |
| 24:18 | Create | Villager (Male) |
| 24:26 | Create | Villager (Male) |
| 25:00 | Build | Gate |
| 25:09 | Build | House |
| 25:10 | Build | House |
| 25:11 | Build | House |
| 25:17 | Research | Double-Bit Axe |
| 25:22 | Build | Farm |
| 25:23 | Build | Farm |
| 25:25 | Build | Farm |
| 25:26 | Build | Farm |
| 25:39 | Create | Villager (Male) |
| 25:39 | Create | Villager (Male) |
| 25:39 | Create | Villager (Male) |
| 25:40 | Create | Villager (Male) |
| 25:40 | Create | Villager (Male) |
| 25:53 | Create | Battering Ram |
| 26:06 | Build | Stable |
| 26:10 | Create | Villager (Male) |
| 26:11 | Create | Villager (Male) |
| 26:12 | Create | Villager (Male) |
| 26:12 | Create | Villager (Male) |
| 26:14 | Build | Farm |
| 26:15 | Build | Farm |
| 26:17 | Build | Farm |
| 26:21 | Build | Farm |
| 26:23 | Build | Farm |
| 26:27 | Build | Farm |
| 26:28 | Build | Farm |
| 26:29 | Build | Farm |
| 26:30 | Create | Villager (Male) |
| 26:32 | Create | Villager (Male) |
| 26:37 | Build | Farm |
| 26:41 | Create | Villager (Male) |
| 26:41 | Create | Villager (Male) |
Match timeline
| 4:02 | 龙城飞将军 · wall_segment Palisade Wall x17 |
| 4:54 | 大清第一巴图鲁 · wall_segment Palisade Wall x18 |
| 5:38 | 大清第一巴图鲁 · wall_segment Palisade Wall x5 |
| 5:41 | 龙城飞将军 · wall_segment Palisade Wall x3 |
| 6:19 | CCM | Muflon de Elite · wall_segment Palisade Wall x12 |
| 6:42 | 龙城飞将军 · wall_segment Palisade Wall x19 |
| 6:57 | CamelotCosmonaut · first_building Barracks |
| 8:44 | 大清第一巴图鲁 · wall_segment Palisade Wall x13 |
| 8:48 | CCM | Muflon de Elite · wall_segment Palisade Wall x20 |
| 8:58 | Yuyu11 | Elite Krawallkohl · age_up feudal |
| 9:41 | CCM | Muflon de Elite · first_building Barracks |
| 9:42 | CCM | Muflon de Elite · age_up feudal |
| 10:21 | CamelotCosmonaut · wall_segment Palisade Wall x13 |
| 10:21 | 大清第一巴图鲁 · wall_segment Palisade Wall x11 |
| 10:27 | 大清第一巴图鲁 · wall_segment Palisade Wall x4 |
| 10:35 | CamelotCosmonaut · age_up feudal |
| 10:40 | CCM | Muflon de Elite · first_building Archery Range |
| 11:24 | 柑柑貝爾ü · first_building Barracks |
| 11:25 | CamelotCosmonaut · first_building Stable |
| 11:32 | 帝国大仲马 · age_up feudal |
| 11:38 | 龙城飞将军 · age_up feudal |
| 11:50 | 柑柑貝爾ü · age_up feudal |
| 11:51 | 龙城飞将军 · wall_segment Stone Wall x13 |
| 12:07 | 龙城飞将军 · wall_segment Stone Wall x2 |
| 13:07 | CamelotCosmonaut · wall_segment Palisade Wall x3 |
| 13:11 | DEJ [Short Term Bearish] · age_up feudal |
| 13:49 | 龙城飞将军 · wall_segment Stone Wall x19 |
| 13:50 | 大清第一巴图鲁 · first_building Barracks |
| 14:05 | 大清第一巴图鲁 · age_up feudal |
| 14:15 | 柑柑貝爾ü · first_building Stable |
| 15:04 | 大清第一巴图鲁 · first_building Stable |
| 15:23 | 大清第一巴图鲁 · wall_segment Palisade Wall x3 |
| 15:59 | 柑柑貝爾ü · age_up castle |
| 16:21 | 帝国大仲马 · age_up castle |
| 16:38 | 龙城飞将军 · first_building Barracks |
| 17:13 | 帝国大仲马 · first_building Barracks |
| 17:20 | CamelotCosmonaut · age_up castle |
| 17:53 | Yuyu11 | Elite Krawallkohl · first_building Barracks |
| 18:28 | 帝国大仲马 · first_building Archery Range |
| 18:40 | DEJ [Short Term Bearish] · first_building Barracks |
| 18:46 | DEJ [Short Term Bearish] · age_up castle |
| 18:47 | Yuyu11 | Elite Krawallkohl · first_building Stable |
| 18:54 | CamelotCosmonaut · wall_segment Stone Wall x73 |
| 19:04 | 龙城飞将军 · age_up castle |
| 19:10 | 龙城飞将军 · first_building Siege Workshop |
| 19:13 | CCM | Muflon de Elite · first_market_sell 100 food |
| 19:38 | DEJ [Short Term Bearish] · first_building Stable |
| 20:14 | 帝国大仲马 · first_building Monastery |
| 20:26 | CamelotCosmonaut · wall_segment Stone Wall x44 |
| 20:49 | 龙城飞将军 · first_market_buy 100 wood |
| 21:49 | CamelotCosmonaut · wall_segment Stone Wall x29 |
| 21:54 | 大清第一巴图鲁 · age_up castle |
| 22:31 | 大清第一巴图鲁 · first_building Krepost |
| 22:32 | Yuyu11 | Elite Krawallkohl · age_up castle |
| 22:41 | CCM | Muflon de Elite · age_up castle |
| 22:42 | 大清第一巴图鲁 · first_building Siege Workshop |
| 23:55 | CCM | Muflon de Elite · first_market_buy 100 stone |
| 23:57 | DEJ [Short Term Bearish] · first_building Castle |
| 24:13 | CCM | Muflon de Elite · wall_segment Stone Wall x1 |
| 24:22 | CamelotCosmonaut · first_building Archery Range |
| 24:26 | CCM | Muflon de Elite · wall_segment Stone Wall x1 |
| 25:02 | 柑柑貝爾ü · first_building Castle |
| 26:06 | CamelotCosmonaut · first_building Siege Workshop |
| 26:06 | 龙城飞将军 · first_building Stable |
| 26:10 | Yuyu11 | Elite Krawallkohl · first_market_sell 100 wood |
| 26:13 | Yuyu11 | Elite Krawallkohl · first_market_buy 100 stone |
| 26:16 | DEJ [Short Term Bearish] · first_market_sell 500 wood |
| 28:01 | CamelotCosmonaut · first_building Castle |
| 29:20 | CCM | Muflon de Elite · wall_segment Stone Wall x6 |
| 30:51 | Yuyu11 | Elite Krawallkohl · first_building Monastery |
| 31:20 | Yuyu11 | Elite Krawallkohl · first_building Castle |
| 32:00 | CCM | Muflon de Elite · first_building Monastery |
| 32:02 | 柑柑貝爾ü · age_up imperial |
| 32:04 | 帝国大仲马 · age_up imperial |
| 32:40 | 柑柑貝爾ü · wall_segment Stone Wall x36 |
| 32:46 | 龙城飞将军 · age_up imperial |
| 34:26 | 大清第一巴图鲁 · first_building Castle |
| 34:38 | DEJ [Short Term Bearish] · resign |
| 34:43 | CCM | Muflon de Elite · wall_segment Stone Wall x20 |
| 36:22 | CCM | Muflon de Elite · age_up imperial |
| 36:37 | 龙城飞将军 · first_building Castle |
| 37:10 | 帝国大仲马 · first_building Siege Workshop |
| 37:11 | 柑柑貝爾ü · first_market_sell 500 wood |
| 37:17 | CCM | Muflon de Elite · first_building Castle |
[ AI ANALYSIS · 1 CREDIT ]
What really happened in this match?
Wolo.gg analyzes every decision: build order, eco, micro, common mistakes by bracket. Personalized analysis on WhatsApp or Discord in 30 seconds.
Civ guide
Bulgarians
Perfil
大清第一巴图鲁